 Dungeon Crawl Stone Soup version 0.28.0-45-g0d030f2227 (webtiles) character file.

Game seed: 2905196795413999972

195 thiscave3701365 the Chopper (level 5, -6/47 HPs)
             Began as a Gnoll Cinder Acolyte on Apr 14, 2022.
             Was a Follower of Ignis.
             Mangled by a river rat (8 damage)
             ... on level 4 of the Dungeon.
             The game lasted 00:04:16 (4464 turns).

thiscave3701365 the Chopper (Gnoll Cinder Acolyte)  Turns: 4464, Time: 00:04:17

Health: -6/47      AC: 10    Str: 15    XL:     5   Next: 74%
Magic:  9/9        EV:  6    Int: 13    God:    Ignis [*.....]
Gold:   126        SH:  0    Dex: 14    Spells: 10/10 levels left

rFire   + . .      SeeInvis .   a - -1 hand axe (flame)
rCold   . . .      Faith    .   (no shield)
rNeg    . . .      Spirit   .   n - +0 chain mail
rPois   .          Reflect  .   o - +1 helmet
rElec   .          Harm     .   (no cloak)
rCorr   .          Rampage  .   (no gloves)
Will    .....                   (no boots)
Stlth   ..........              (no amulet)
HPRegen 0.15/turn               k - +6 ring of dexterity
MPRegen 0.11/turn               (no ring)

@: no status effects
A: fangs 1, strong nose, distributed training
a: Renounce Religion, Fiery Armour, Foxfire Swarm, Rising Flame


You were on level 4 of the Dungeon.
You worshipped Ignis.
Ignis was aware of your devotion.
You visited 1 branch of the dungeon, and saw 4 of its levels.

You collected 126 gold pieces.

Inventory:

Hand Weapons
 a - a -1 hand axe of flaming (weapon)
 b - a +3 hunting sling
Missiles
 s - 39 stones
Armour
 n - a +0 chain mail (worn)
 o - a +1 helmet (worn)
Jewellery
 k - a +6 ring of dexterity (left hand)
Scrolls
 f - 2 scrolls of identify {unknown}
 g - a scroll of teleportation {unknown}
 h - a scroll of summoning {unknown}
 i - a scroll of blinking {unknown}
 p - a scroll of vulnerability {unknown}
 r - a scroll of silence {unknown}
 t - a scroll of noise {unknown}
 u - a scroll of magic mapping {unknown}
Potions
 c - 2 potions of attraction {unknown}
 d - a potion of heal wounds {unknown}
 e - a potion of flight {unknown}
 j - a potion of ambrosia {unknown}
 l - a potion of lignification {unknown}
 m - 2 potions of cancellation {unknown}
 q - a potion of curing {unknown}


   Skills:
 + Level 6.7 Fighting
 + Level 1.6 Short Blades
 + Level 1.6 Long Blades
 + Level 6.7 Axes
 + Level 1.6 Maces & Flails
 + Level 1.6 Polearms
 + Level 1.6 Staves
 + Level 1.6 Slings
 + Level 1.6 Bows
 + Level 1.6 Crossbows
 + Level 1.6 Throwing
 + Level 1.6 Armour
 + Level 1.6 Dodging
 + Level 1.6 Stealth
 + Level 1.6 Shields
 + Level 1.6 Unarmed Combat
 + Level 3.2 Spellcasting
 + Level 1.3 Conjurations
 + Level 1.3 Hexes
 + Level 1.3 Summonings
 + Level 1.3 Necromancy
 + Level 1.3 Translocations
 + Level 1.3 Transmutations
 + Level 5.6 Fire Magic
 + Level 1.3 Ice Magic
 + Level 1.3 Air Magic
 + Level 1.3 Earth Magic
 + Level 1.3 Poison Magic
 + Level 1.8 Invocations
 + Level 1.6 Evocations


You had 10 spell levels left.
You didn't know any spells.
Your spell library contained the following spells:

 Spells                   Type           Power      Damage    Failure   Level
 Scorch                   Fire           32%        2d7       61%         2
 Summon Guardian Golem    Hex/Summ       5%         N/A       100%        3
 Orb of Destruction       Conj           2%         9d5       100%        7
 Spellforged Servitor     Conj/Summ      2%         N/A       100%        7


Dungeon Overview and Level Annotations

Branches:
Dungeon (4/15)
 Temple: D:4-7

Altars:
Uskayaw
Xom

Shops:
D:4 =!(*


Innate Abilities, Weirdness & Mutations

You have very sharp teeth.
Your uncanny sense of smell can sniff out nearby items.
Your experience applies equally to all skills.


Message History

* * * LOW HITPOINT WARNING * * *
You are too injured to fight recklessly!
Unknown command.
Activating: Foxfire Swarm
Press: ? - help, Dir - look around, f - activate Flames leap up around you!
The river rat barely misses you. The river rat completely misses you.
Unknown command.
You barely miss the river rat.
You bite the river rat, but do no damage.
The river rat is moderately wounded.
You hit the river rat. You burn the river rat.
The foxfire hits the river rat.
The river rat is heavily wounded.
The foxfire hits the river rat.
The river rat is severely wounded.
The foxfire hits the river rat but does no damage.
The river rat is severely wounded.
The foxfire hits the river rat.
The river rat is almost dead.
The foxfire hits the river rat but does no damage.
The river rat is almost dead.
The foxfire hits the river rat but does no damage.
The river rat is almost dead.
The foxfire hits the river rat but does no damage.
The river rat is almost dead.
The foxfire hits the river rat but does no damage.
The river rat is almost dead.
The foxfire hits the river rat but does no damage.
The river rat is almost dead.
The river rat bites you.
* * * LOW HITPOINT WARNING * * *
The river rat bites you.
* * * LOW HITPOINT WARNING * * *
The river rat bites you but does no damage.
Activating: Foxfire Swarm
Press: ? - help, Dir - look around, f - activate Flames leap up around you!
The river rat bites you.
* * * LOW HITPOINT WARNING * * *
The river rat bites you!
You die...

........# ≈# ........#
≈# ...##...# ≈#
...##...# ≈# ....#...#
≈# ....#...# .# ...
....'...## ##r###$..
...##†...#######r##.....
...##.......#.vr@vv.....
...##########.vvvvv.....
...#..........vvvvv.....
...'....................
...#....................
...#....................
####.........#+######...
.............# ...
.............#


You could see 2 river rats and a rat.

Vanquished Creatures
  A hound (D:4)
  2 orc wizards (D:3)
  2 adders
  A dart slug (D:1)
  17 orcs (D:3)
  4 endoplasms
  4 giant cockroaches
  6 goblins
  8 hobgoblins
  4 jackals (D:1)
  6 kobolds
  3 quokkas
  4 ball pythons
  5 bats
  6 frilled lizards
  2 rats (D:3)
75 creatures vanquished.

Vanquished Creatures (collateral kills)
  5 foxfires (D:2)
5 creatures vanquished.

Vanquished Creatures (others)
  82 foxfires
  2 plants
84 creatures vanquished.

Grand Total: 164 creatures vanquished

Notes
Turn   | Place    | Note
-------+----------+-------------------------------------------
     0 | D:1      | thiscave3701365 the Gnoll Cinder Acolyte began the quest
                  | for the Orb.
     0 | D:1      | Reached XP level 1. HP: 23/23 MP: 4/4
    92 | D:1      | You fall into a shaft and drop 1 floor!
   214 | D:2      | Reached XP level 2. HP: 29/29 MP: 5/5
   608 | D:2      | Reached XP level 3. HP: 24/35 MP: 7/7
  1399 | D:1      | Reached skill level 1 in Invocations
  1587 | D:1      | Found a faded altar of an unknown god.
  1692 | D:1      | Reached skill level 1 in Short Blades
  1692 | D:1      | Reached skill level 1 in Long Blades
  1692 | D:1      | Reached skill level 1 in Maces & Flails
  1692 | D:1      | Reached skill level 1 in Polearms
  1692 | D:1      | Reached skill level 1 in Staves
  1692 | D:1      | Reached skill level 1 in Slings
  1692 | D:1      | Reached skill level 1 in Bows
  1692 | D:1      | Reached skill level 1 in Crossbows
  1692 | D:1      | Reached skill level 1 in Throwing
  1692 | D:1      | Reached skill level 1 in Armour
  1692 | D:1      | Reached skill level 1 in Dodging
  1692 | D:1      | Reached skill level 1 in Stealth
  1692 | D:1      | Reached skill level 1 in Shields
  1692 | D:1      | Reached skill level 1 in Unarmed Combat
  1692 | D:1      | Reached skill level 1 in Evocations
  2454 | D:3      | Reached XP level 4. HP: 41/41 MP: 8/8
  2472 | D:3      | Reached skill level 1 in Conjurations
  2472 | D:3      | Reached skill level 1 in Hexes
  2472 | D:3      | Reached skill level 1 in Summonings
  2472 | D:3      | Reached skill level 1 in Necromancy
  2472 | D:3      | Reached skill level 1 in Translocations
  2472 | D:3      | Reached skill level 1 in Transmutations
  2472 | D:3      | Reached skill level 1 in Ice Magic
  2472 | D:3      | Reached skill level 1 in Air Magic
  2472 | D:3      | Reached skill level 1 in Earth Magic
  2472 | D:3      | Reached skill level 1 in Poison Magic
  2943 | D:3      | Reached XP level 5. HP: 47/47 MP: 9/9
  3602 | D:3      | Found a hide-covered altar of Uskayaw.
  3602 | D:3      | Found a shimmering altar of Xom.
  4246 | D:4      | Found Uqextest's General Store.
  4247 | D:4      | Found Cataliekk's Distillery.
  4247 | D:4      | Found Qionnobb's Weapon Shoppe.
  4249 | D:4      | Found Jozi Ose Sux's Jewellery Boutique.
  4464 | D:4      | HP: 2/47 [river rat (1)]
  4464 | D:4      | Mangled by a river rat

Illustrated notes

Levels and vault maps discovered:
D:1:      enne_arrival_octagon_isle, layout_loops_corners,
          hellmonk_ecumenical_altar_crossroads, serial_bayou_lagoon_b
D:2:      layout_rooms, serial_forest, infiniplex_forest_lined_4_way,
          infiniplex_forest_corner_1, infiniplex_forest_clump_tiny,
          infiniplex_forest_lined_2, infiniplex_forest_clump_small,
          infiniplex_forest_lined_room_3, infiniplex_forest_lined_3_way,
          infiniplex_forest_end_2, infiniplex_forest_clump_diagonal
D:3:      layout_basic, amethyst_overflow_temple_binary
D:4:      layout_gridville, mainiacjoe_overflow_divided_tiny,
          nicolae_overflow_crystal_walls, gup_sewer_entry_spiral, serial_shops,
          shop, nicolae_wooded_promenade

Skill      XL: |  1  2  3  4 |
---------------+-------------+-----
Invocations    | 1 |  1.8
Short Blades   | 1 |  1.6
Long Blades    | 1 |  1.6
Maces & Flails | 1 |  1.6
Polearms       | 1 |  1.6
Staves         | 1 |  1.6
Slings         | 1 |  1.6
Bows           | 1 |  1.6
Crossbows      | 1 |  1.6
Throwing       | 1 |  1.6
Armour         | 1 |  1.6
Dodging        | 1 |  1.6
Stealth        | 1 |  1.6
Shields        | 1 |  1.6
Unarmed Combat | 1 |  1.6
Evocations     | 1 |  1.6
Spellcasting   | 3 |  3.2
Conjurations   | 1 |  1.3
Hexes          | 1 |  1.3
Summonings     | 1 |  1.3
Necromancy     | 1 |  1.3
Translocations | 1 |  1.3
Transmutations | 1 |  1.3
Ice Magic      | 1 |  1.3
Air Magic      | 1 |  1.3
Earth Magic    | 1 |  1.3
Poison Magic   | 1 |  1.3
Fighting       | |  6.7
Axes           | |  6.7
Fire Magic     | |  5.6

Action                   |  1- 3 |  4- 6 || total
-------------------------+-------+-------++-------
Melee: Hand axe          |   122 |   138 ||   260
       Bite              |     7 |    17 ||    24
       Punch             |     1 |     4 ||     5
Invok: Foxfire Swarm     |     4 |     3 ||     7
 Stab: Sleeping          |     1 |       ||     1
Armor: Robe              |    31 |       ||    31
       Chain mail        |       |    81 ||    81
Dodge: Dodged            |    65 |    31 ||    96
